Map: Romanticide LE

Players

Nina

  • Race: Protoss Protoss

DisK - Winner!

  • Race: Protoss Protoss

VOD

Have the link to the VOD?

Description

Time

  • Played on: Oct. 9, 2021, 4:27 p.m.
  • Length: 21:55
Show
View Real Time Build Order
Export as new Build Order

Nina Protoss 

Build Orders: Phoenix Opening 

Get SALT Encoding   

  12  0:00  Probe  
  13  0:12  Probe  
  14  0:17  Pylon  
  14  0:24  Probe  
  15  0:36  Probe (Chrono Boost)  
  15  0:37  Gateway  
  16  0:47  Assimilator, Probe (Chrono Boost)  
  17  0:51  Probe (Chrono Boost)  
  17  0:55  Assimilator  
  18  1:03  Probe (Chrono Boost)  
  19  1:08  Gateway  
  19  1:13  Probe (Chrono Boost)  
  19  1:18  Probe (Chrono Boost)  
  20  1:24  Cybernetics Core  
  21  1:29  Probe  
  22  1:35  Pylon  
  22  1:41  Probe  
  23  1:53  Probe  
  24  2:00  Stalker  
  24  2:01  Stalker  
  28  2:03  Warp Gate  
  28  2:09  Probe  
  28  2:14  Pylon  
  29  2:23  Probe  
  30  2:32  Sentry  
  30  2:34  Sentry  
  35  2:37  Probe  
  35  2:46  Pylon  
  35  2:49  Probe  
  36  3:01  Nexus  
  36  3:05  Sentry  
  38  3:11  Stalker  
  40  3:14  Probe  
  41  3:23  Phoenix  
  41  3:26  Probe, Shield Battery  
  42  3:30  Shield Battery  
  42  3:38  Probe  
  43  3:50  Probe  
  43  3:51  Stalker  
  46  3:55  Twilight Council  
  46  3:57  Pylon  
  46  4:05  Probe (Chrono Boost)  
  46  4:08  Pylon  
  47  4:15  Forge  
  47  4:16  Probe (Chrono Boost)  
  49  4:17  Probe (Chrono Boost)  
  50  4:26  Adept  
  50  4:27  Adept  
  50  4:28  Probe (Chrono Boost)  
  50  4:29  Probe (Chrono Boost)  
  55  4:37  Blink  
  55  4:42  Probe (Chrono Boost)  
  55  4:44  Probe (Chrono Boost)  
  57  4:48  Probe (Chrono Boost)  
  57  4:50  Probe (Chrono Boost)  
  57  4:51  Robotics Facility  
  57  4:52  Protoss Ground Weapons Level 1 (Chrono Boost)  
  59  4:56  Probe  
  60  5:01  Probe  
  60  5:04  Stalker  
  63  5:10  Stalker  
  63  5:12  Probe  
  62  5:16  Gateway  
  62  5:17  Probe  
  62  5:20  Assimilator  
  63  5:24  Pylon  
  63  5:29  Gateway  
  63  5:33  Stalker  
  63  5:34  Pylon  
  65  5:44  Observer  
  65  5:46  Nexus  
  66  5:50  Probe x2  
  66  5:53  Stalker  
  66  6:05  Stalker  
  66  6:07  Shield Battery  
  65  6:14  Stalker  
  65  6:16  Probe  
  65  6:17  Probe  
  69  6:23  Robotics Bay  
  69  6:24  Nexus  
  69  6:27  Pylon  
  69  6:28  Probe  
  69  6:29  Stalker  
  69  6:32  Stalker  
  74  6:38  Pylon  
  74  6:39  Observer (Chrono Boost), Probe  
  76  6:40  Probe  
  76  6:45  Assimilator  
  76  6:46  Shield Battery  
  77  6:51  Probe  
  77  6:53  Protoss Ground Weapons Level 2 (Chrono Boost)  
  77  6:54  Observer  
  78  6:56  Gateway  
  78  7:02  Observer  
  78  7:04  Probe  
  78  7:06  Photon Cannon  
  79  7:08  Probe  
  79  7:11  Photon Cannon  
  79  7:13  Disruptor (Chrono Boost)  
  80  7:17  Probe  
  80  7:21  Gateway  
  80  7:22  Probe  
  85  7:27  Gateway  
  85  7:34  Probe, Pylon  
  86  7:39  Stalker  
  86  7:40  Probe  
  86  7:42  Observer  
  89  7:45  Robotics Facility, Probe (Chrono Boost)  
  89  7:49  Observer  
  90  7:57  Probe x2 (Chrono Boost), Disruptor (Chrono Boost)  
  93  8:00  Probe (Chrono Boost)  
  93  8:05  Probe (Chrono Boost)  
  98  8:06  Shield Battery  
  98  8:07  Stalker, Probe (Chrono Boost)  
  98  8:08  Probe (Chrono Boost)  
  98  8:11  Stalker  
  103  8:18  Stalker x2  
  107  8:22  Stalker  
  107  8:24  Zealot  
  111  8:27  Assimilator  
  111  8:31  Stalker x2  
  110  8:45  Disruptor  
  110  8:47  Stalker x4  
  115  8:54  Pylon  
  115  9:01  Zealot x2  
  115  9:02  Zealot  
  94  9:11  Stalker x3  
  94  9:12  Probe  
  94  9:15  Zealot  
  89  9:22  Zealot x3  
  87  9:33  Disruptor (Chrono Boost)  
  87  9:34  Zealot  
  87  9:35  Zealot x2  
  87  9:36  Disruptor (Chrono Boost)  
  94  9:42  Zealot x2  
  89  9:54  Stalker x2  
  89  9:57  Stalker x2  
  95  10:01  Observer, Probe  
  95  10:02  Probe  
  95  10:03  Protoss Ground Weapons Level 3 (Chrono Boost)  
  95  10:05  Observer (Chrono Boost)  
  98  10:10  Probe  
  98  10:13  Probe  
  100  10:18  Assimilator  
  101  10:22  Nexus  
  101  10:25  Pylon  
  101  10:26  Observer (Chrono Boost)  
  101  10:28  Pylon  
  101  10:34  Pylon  
  101  10:35  Photon Cannon  
  101  10:37  Stalker  
  103  10:45  Pylon  
  103  10:47  Stalker x2  
  107  10:50  Shield Battery  
  107  10:54  Photon Cannon  
  108  10:57  Observer (Chrono Boost), Disruptor (Chrono Boost)  
  111  11:08  Stalker x2  
  111  11:11  Disruptor  
  112  11:12  Observer  
  112  11:15  Zealot  
  111  11:23  Probe  
  112  11:26  Disruptor  
  112  11:29  Probe  
  110  11:42  Stalker x4  
  110  11:43  Probe  
  110  11:44  Probe  
  110  11:46  Disruptor  
  116  11:50  Charge  
  116  11:52  Probe  
  116  11:53  Probe  
  121  11:56  Stalker  
  119  12:02  Disruptor (Chrono Boost)  
  117  12:10  Zealot x3  
  117  12:15  Stalker  
  117  12:16  Stalker x2  
  117  12:17  Shield Battery  
  117  12:21  Stalker, Disruptor (Chrono Boost)  
  115  12:32  Stalker x3  
  115  12:35  Disruptor (Chrono Boost)  
  117  12:39  Stalker x2  
  117  12:41  Stalker  
  126  12:48  Disruptor (Chrono Boost)  
  127  12:51  Stalker  
  126  13:05  Stalker x2  
  120  13:20  Disruptor  
  120  13:23  Stalker x5  
  120  13:25  Disruptor  
  136  13:29  Nexus  
  136  13:39  Stalker x2  
  124  13:59  Zealot x3  
  124  14:01  Disruptor  
  130  14:09  Zealot  
  113  14:23  Zealot x3  
  106  14:30  Robotics Facility  
  106  14:34  Robotics Facility  
  106  14:36  Disruptor (Chrono Boost)  
  106  14:38  Observer  
  107  14:40  Stalker  
  107  14:42  Gateway  
  107  14:43  Gateway  
  105  14:46  Probe x2  
  105  14:47  Probe x2  
  105  14:50  Gateway  
  109  14:54  Stalker x3  
  115  15:03  Disruptor (Chrono Boost)  
  115  15:04  Stalker  
  114  15:24  Stalker x3  
  116  15:38  Disruptor  
  116  15:42  Stalker x3  
  117  15:47  Zealot x4  
  113  16:01  Disruptor x2 (Chrono Boost)  
  118  16:06  Nexus  
  118  16:10  Stalker x2, Disruptor (Chrono Boost)  
  118  16:11  Pylon  
  125  16:24  Pylon  
  125  16:26  Pylon  
  125  16:27  Pylon  
  125  16:30  Observer  
  125  16:40  Stalker  
  125  16:45  Stalker  
  125  16:46  Stalker x3  
  135  16:51  Disruptor  
  138  16:57  Stalker  
  136  17:09  Stalker x2  
  136  17:10  Disruptor  
  143  17:19  Stalker  
  139  17:27  Stalker x3  
  145  17:34  Pylon  
  143  17:47  Disruptor x2  
  143  17:49  Disruptor  
  149  17:54  Stalker x3  
  133  18:06  Zealot x4  
  132  18:14  Photon Cannon  
  121  18:28  Zealot x4  
  121  18:29  Zealot x2  
  121  18:32  Zealot, Disruptor  
  131  18:34  Disruptor  
  134  18:45  Observer  
  128  18:55  Zealot x4  
  126  19:05  Nexus, Disruptor  
  126  19:08  Observer  
  130  19:16  Shield Battery  
  129  19:18  Pylon  
  129  19:19  Disruptor  
  129  19:23  Dark Shrine  
  132  19:25  Zealot x3  
  137  19:38  Disruptor  
  137  19:42  Nexus  
  137  19:44  Disruptor  
  142  19:48  Stalker  
  142  19:52  Assimilator  
  144  19:56  Observer  
  135  20:17  Zealot x2  
  135  20:18  Zealot x4  
  117  20:23  Disruptor  
  117  20:24  Disruptor  
  96  20:28  Zealot  
  87  20:44  Dark Templar  
  87  20:45  Zealot x5  
Show
View Real Time Build Order
Export as new Build Order

DisK Protoss - Winner!

Build Orders: Phoenix Opening, Blink Stalkers 

Get SALT Encoding   

  12  0:00  Probe  
  13  0:12  Probe  
  14  0:16  Pylon  
  14  0:24  Probe (Chrono Boost)  
  15  0:35  Gateway  
  15  0:36  Probe (Chrono Boost)  
  16  0:45  Probe (Chrono Boost)  
  16  0:46  Assimilator  
  17  0:51  Probe  
  17  0:55  Assimilator  
  18  1:03  Probe (Chrono Boost)  
  19  1:07  Gateway  
  19  1:13  Probe (Chrono Boost)  
  19  1:17  Probe (Chrono Boost)  
  20  1:23  Cybernetics Core  
  21  1:29  Probe  
  22  1:35  Pylon  
  22  1:41  Probe  
  23  1:53  Probe  
  24  1:59  Warp Gate (Chrono Boost)  
  24  2:01  Stalker x2  
  28  2:05  Probe  
  29  2:11  Pylon  
  29  2:17  Probe  
  29  2:21  Pylon  
  30  2:35  Sentry x2  
  34  2:52  Nexus  
  34  2:57  Shield Battery  
  34  2:58  Probe  
  35  3:03  Sentry  
  37  3:10  Probe, Pylon  
  38  3:13  Phoenix  
  38  3:19  Twilight Council  
  38  3:26  Probe (Chrono Boost)  
  38  3:39  Probe (Chrono Boost)  
  39  3:42  Stalker  
  39  3:43  Stalker  
  43  3:49  Probe  
  44  3:56  Blink (Chrono Boost)  
  45  4:03  Phoenix  
  45  4:05  Probe x2 (Chrono Boost)  
  46  4:14  Probe (Chrono Boost)  
  46  4:16  Probe (Chrono Boost)  
  48  4:19  Probe (Chrono Boost)  
  48  4:22  Robotics Facility  
  49  4:25  Probe, Pylon  
  49  4:31  Probe  
  51  4:32  Stalker  
  51  4:36  Stalker  
  51  4:37  Probe  
  51  4:38  Pylon  
  56  4:43  Probe  
  57  4:49  Probe  
  58  4:55  Probe  
  58  4:56  Stalker  
  58  4:59  Stalker  
  62  5:12  Nexus  
  62  5:13  Pylon  
  61  5:21  Probe  
  62  5:22  Adept x2  
  62  5:24  Probe  
  62  5:27  Assimilator  
  62  5:28  Observer  
  68  5:34  Probe  
  69  5:39  Forge  
  69  5:40  Gateway  
  69  5:42  Gateway  
  69  5:44  Probe  
  69  5:46  Probe  
  71  5:56  Probe  
  68  6:09  Protoss Ground Weapons Level 1 (Chrono Boost)  
  68  6:10  Stalker  
  68  6:11  Stalker  
  72  6:12  Immortal (Chrono Boost)  
  76  6:19  Gateway  
  76  6:20  Gateway  
  76  6:22  Shield Battery  
  76  6:23  Probe (Chrono Boost)  
  76  6:24  Probe (Chrono Boost)  
  79  6:25  Probe (Chrono Boost)  
  79  6:36  Probe (Chrono Boost)  
  79  6:37  Probe (Chrono Boost)  
  79  6:39  Probe (Chrono Boost)  
  82  6:43  Probe (Chrono Boost)  
  82  6:45  Gateway, Probe  
  84  6:48  Gateway  
  84  6:50  Pylon  
  84  6:53  Immortal (Chrono Boost)  
  88  6:54  Probe  
  88  6:55  Probe  
  88  6:59  Pylon  
  90  7:01  Charge  
  90  7:03  Probe  
  90  7:06  Probe  
  92  7:09  Pylon  
  92  7:10  Assimilator  
  92  7:15  Probe x2  
  94  7:18  Robotics Bay  
  94  7:20  Probe  
  95  7:24  Stalker  
  95  7:25  Stalker x2  
  95  7:27  Probe  
  95  7:29  Warp Prism (Chrono Boost)  
  102  7:35  Probe x2  
  106  7:43  Stalker x3  
  112  7:46  Stalker  
  112  7:51  Stalker x2  
  112  7:54  Observer  
  112  7:56  Assimilator  
  116  8:01  Protoss Ground Weapons Level 2 (Chrono Boost)  
  116  8:06  Nexus  
  116  8:12  Pylon  
  116  8:16  Pylon  
  115  8:25  Stalker x5  
  121  8:46  Stalker x3  
  117  8:48  Probe  
  117  8:49  Stalker x3, Probe x2  
  117  8:51  Zealot x2  
  130  9:00  Probe  
  101  9:11  Zealot x4  
  101  9:14  Zealot x4  
  107  9:20  Disruptor  
  107  9:21  Probe  
  91  9:32  Gateway  
  91  9:33  Gateway  
  91  9:34  Zealot x4  
  91  9:37  Stalker  
  97  9:42  Zealot  
  97  9:44  Stalker x2  
  97  9:45  Robotics Facility  
  103  9:51  Probe x3  
  103  9:52  Probe  
  105  9:54  Disruptor  
  97  10:06  Photon Cannon  
  96  10:07  Stalker x3  
  96  10:13  Probe x2  
  104  10:14  Probe x2  
  104  10:16  Assimilator  
  104  10:18  Photon Cannon  
  104  10:20  Shield Battery  
  104  10:26  Protoss Ground Weapons Level 3 (Chrono Boost)  
  104  10:29  Disruptor  
  104  10:33  Disruptor  
  110  10:35  Assimilator  
  110  10:36  Assimilator  
  110  10:44  Stalker x4  
  110  10:46  Stalker  
  118  10:54  Stalker x3  
  118  10:56  Stalker  
  126  10:57  Stalker  
  126  11:02  Probe x2  
  126  11:20  Stalker x7  
  126  11:22  Observer  
  138  11:33  Nexus  
  138  11:35  Pylon  
  136  11:44  Gravitic Boosters  
  134  11:47  Disruptor x2, Forge  
  134  11:49  Stalker  
  134  11:50  Stalker x2  
  134  11:51  Stalker  
  134  11:53  Photon Cannon  
  146  12:13  Stalker x2  
  146  12:14  Stalker x6  
  154  12:23  Disruptor  
  154  12:26  Protoss Ground Armor Level 1 (Chrono Boost)  
  156  12:32  Stalker x2  
  156  12:34  Probe x2  
  156  12:35  Shield Battery  
  160  12:38  Photon Cannon  
  160  12:40  Photon Cannon  
  160  12:41  Disruptor  
  163  12:52  Stalker x2  
  163  12:53  Stalker  
  169  12:58  Disruptor  
  172  13:11  Stalker x5  
  179  13:17  Disruptor  
  174  13:26  Stalker x4  
  170  13:33  Protoss Shields Level 1 (Chrono Boost), Photon Cannon  
  170  13:34  Photon Cannon, Disruptor, Pylon  
  170  13:40  Dark Shrine  
  173  13:54  Stalker x4  
  173  13:55  Stalker x2  
  178  13:56  Observer  
  138  14:10  Observer  
  138  14:16  Stalker x4  
  117  14:26  Probe x2  
  119  14:33  Stalker x6  
  119  14:34  Probe x2  
  129  14:47  Assimilator x2  
  129  14:50  Disruptor (Chrono Boost)  
  130  14:54  Observer (Chrono Boost), Nexus  
  130  14:55  Pylon  
  131  15:07  Observer (Chrono Boost)  
  128  15:21  Stalker  
  128  15:22  Stalker x7  
  134  15:43  Disruptor  
  134  15:47  Disruptor  
  132  16:00  Probe x3  
  132  16:01  Probe  
  132  16:04  Zealot x6  
  138  16:08  Probe  
  149  16:12  Probe x2  
  149  16:18  Probe x2, Disruptor  
  153  16:20  Probe  
  153  16:23  Disruptor  
  153  16:24  Shadow Stride (Chrono Boost)  
  153  16:25  Protoss Ground Armor Level 2 (Chrono Boost)  
  160  16:34  Robotics Facility  
  160  16:44  Nexus  
  160  16:46  Pylon  
  160  16:55  Observer (Chrono Boost)  
  160  16:59  Observer (Chrono Boost)  
  160  17:06  Observer  
  156  17:09  Stalker x7  
  156  17:11  Photon Cannon, Disruptor (Chrono Boost)  
  156  17:14  Disruptor (Chrono Boost)  
  164  17:29  Observer  
  164  17:33  Disruptor  
  165  17:41  Disruptor  
  165  17:47  Zealot x5  
  165  17:48  Zealot x5  
  133  18:11  Stalker  
  133  18:12  Stalker x9  
  125  18:35  Stalker  
  125  18:36  Stalker x9  
  125  18:37  Probe  
  125  18:38  Probe x2  
  125  18:39  Probe  
  149  18:46  Observer  
  130  18:57  Disruptor  
  130  18:58  Disruptor x2  
  139  19:09  Zealot x3  
  145  19:10  Zealot x5  
  155  19:19  Assimilator  
  155  19:20  Assimilator  
  155  19:21  Photon Cannon  
  155  19:26  Shield Battery  
  143  19:39  Stalker x6  
  155  19:47  Dark Templar x3  
  160  20:00  Stalker, Disruptor  
  160  20:06  Stalker x4  
  149  20:30  Stalker x2  
  149  20:31  Stalker x8  
  167  20:43  Assimilator  
  167  20:44  Assimilator  
  167  20:45  Photon Cannon  
  167  20:46  Shield Battery  
  167  20:48  Photon Cannon, Shield Battery  
Tags
 
Add a new tag
Caveats
  • Supply blocks, unpowered buildings, or Contaminate may cause inaccurate times.
  • Supply counts are checked every 10 seconds.